AoeStats
← XEVER | Matluck el mero mero

Golden Pit

509895510Analyzed
1v1 RM · 5d ago on Sep 28, 2026· 17m 19s· 2 players
Game mode
Random Map
Map size
Tiny (2 player)
Population
200
Speed
Normal
Resources
Standard
Victory
Conquest
Starting age
Dark Age
Ending age
Imperial Age
RankedLock teamsTeams togetherTeam positionsShared explorationLock speedFull tech treeHidden civsTurbo modeCheats
Victory
Defeat
🇦🇷 Maya · Argentina
1822
+13
1751
-13
The Guy With The Magic Keyboard
0:26 Loom
11:03 Feudal Age
11:52 Double-Bit Axe
17:05 Fletching
XEVER | Matluck el mero mero
0:26 Loom
10:34 Feudal Age
10:41 Man-at-Arms
11:07 Double-Bit Axe
15:14 Fletching
16:33 Padded Archer Armor
Connection lost

Rejoining the realm…

Still unreachable

The connection could not be restored.

Session expired

The server has moved on; the page needs a fresh start.